Description

Zerg Build Guide: Solar's Fast Roach/Queen/Nydus

Build Order

Get SALT Encoding   

  12  0:01  Drone  
  13  0:14  Overlord  
  14  0:32  Drone x3  
  17  0:56  Hatchery  
  18  1:11  Extractor  
  17  1:14  Spawning Pool  
  18  1:18  Drone  
  20  1:20  Drone  
  19  1:35  Overlord  
  23  1:50  Drone x3  
  26  2:09  Queen  
  27  2:13  Lair  
  30  2:20  Drone x3  
  29  2:30  Drone x3, Extractor  
  31  2:43  Queen  
  32  2:50  Evolution Chamber, Roach Warren  
  30  3:09  Overlord  
  31  3:10  Nydus Network  
  31  3:30  Overlord, Roach x6  
  53  3:50  Nydus Canal  
  53  4:00  Queen, Roach x5  
Spawning Tool Build Advisor. Get it on Overwolf

Go to:

Details

  • Created by: kingfish
  • Published on: Jul 16, 2019
  • Modified on: May 28, 2023
  • Patch: 4.7.1
  • Difficulty: Easy
Show
View Real Time Build Order
Export as new Build Order

Comments (0)

There are no comments. Be the first!

Create an account to comment!